 Dungeon Crawl Stone Soup version 0.30.0-18-gf1372a6a44 (webtiles) character file.

Game seed: 8008585049721817162

175 qw the Chopper (level 5, -2/32 HPs)
             Began as a Gargoyle Fighter on May 21, 2023.
             Slain by a gnoll
             ... wielding a +0 halberd
              (3 damage)
             ... on level 3 of the Dungeon.
             The game lasted 00:01:03 (2408 turns).

qw the Chopper (Gargoyle Fighter)                   Turns: 2408, Time: 00:01:04

Health: -2/32      AC: 10    Str: 22    XL:     5   Next: 55%
Magic:  5/5        EV:  9    Int:  8    God:
Gold:   162        SH:  4    Dex:  9    Spells: 4/4 levels left

rFire   . . .        Y - +0 war axe
rCold   . . .        c - +0 buckler
rNeg    + . .        b - +0 scale mail
rPois   inf          (no helmet)
rElec   +            (no cloak)
rCorr   .            (no gloves)
SInv    .            (no boots)
Will    .....        (no amulet) Stlth
                     (no ring)
HPRegen 0.25/turn    (no ring)
MPRegen 0.09/turn

%: no passive effects
@: no status effects
A: sickness immunity, AC +4, negative energy resistance 1, electricity
resistance, torment resistance 1, petrification resistance
a: no special abilities


You were on level 3 of the Dungeon.
You visited 1 branch of the dungeon, and saw 3 of its levels.

You collected 162 gold pieces.


Innate Abilities, Weirdness & Mutations

You are immune to sickness and miasma.
Your stone body is resilient. (AC +4)
You are immune to poison.
You resist negative energy. (rN+)
You are resistant to electric shocks. (rElec)
You are resistant to unholy torment.
You are immune to petrification.


   Skills:
 + Level 3.5 Fighting
 - Level 5.0 Axes
 - Level 3.2 Armour
 - Level 3.2 Shields


You had 4 spell levels left.
You didn't know any spells.
Your spell library was empty.

Inventory:

Hand Weapons
 e - a +0 flail
 Y - a +0 war axe (weapon)
Armour
 b - a +0 scale mail (worn)
 c - a +0 buckler (worn)
Scrolls
 a - a scroll of vulnerability {unknown}
 g - a scroll of identify
 i - a scroll of amnesia {unknown}
Potions
 d - a potion of might
 f - a potion of curing {unknown}
 h - a potion of brilliance {unknown}
 j - a potion of flight {unknown}
 k - a potion of cancellation {unknown}

Dungeon Overview and Level Annotations

Branches:
Dungeon (3/15)

Altars:
Gozag
Zin

Shops:
D:1 *


Message History

Found a book of Debilitation.
A quokka comes into view.
You slash the quokka!
You kill the quokka!
You see here a quokka corpse.
i - a scroll labelled TYIQ NISHRIBIAR A gnoll comes into view.
It is wielding a +0 whip.
The gnoll shouts!
You hear a shout!
A gnoll comes into view. It is wielding a +0 halberd.
You hear a shout!
2398 ||| Stepping ~*~*~tactically~*~*~ (hiding).
A gnoll comes into view. It is wielding a +0 spear.
The gnoll shouts!
The gnoll barely misses you.
The gnoll hits you from afar with a +0 halberd!
You hit the gnoll.
The gnoll is lightly wounded.
The gnoll hits you with a +0 whip. The gnoll closely misses you.
The gnoll barely misses you. The gnoll closely misses you.
You slash the gnoll!
The gnoll is heavily wounded.
The gnoll closely misses you. The gnoll barely misses you.
You hit the gnoll but do no damage.
The gnoll is heavily wounded.
The gnoll hits you from afar with a +0 spear.
The gnoll closely misses you.
You slash the gnoll!
You kill the gnoll!
The gnoll hits you from afar with a +0 halberd!
The gnoll hits you from afar with a +0 spear.
The gnoll barely misses you.
The gnoll hits you from afar with a +0 spear.
The gnoll completely misses you. The gnoll misses you.
You barely miss the gnoll. You slash the gnoll! The gnoll closely misses you.
The gnoll hits you with a +0 spear.
You slash the gnoll!
You kill the gnoll!
You hit the gnoll. The gnoll hits you with a +0 halberd.
You die...

### #.##. #.# ..#
.. . .. #.# ......
### .##. #.##
##..... .# ...###
#..# ####. ...
....### ##.##
..##.....## #)%#
........# ###.####
#g)....#####.......
#@)#.....##.......
#.....##..........
##.$..#####.......
##...............
####.#..........
#.#..........
#.####.......
###.####.......
#......%.....:.


You could see a gnoll.

Vanquished Creatures
  Terence (D:2)
  An orc wizard (D:3)
  2 gnolls (D:3)
  4 adders
  2 worms (D:2)
  2 dart slugs
  6 orcs
  5 ball pythons
  3 bats
  6 endoplasms
  3 giant cockroaches
  5 goblins
  7 hobgoblins
  A kobold (D:1)
  5 quokkas
  5 frilled lizards
  4 rats
62 creatures vanquished.

Notes
Turn   | Place    | Note
-------+----------+-------------------------------------------
     0 | D:1      | qw the Gargoyle Fighter began the quest for the Orb.
     0 | D:1      | Reached XP level 1. HP: 14/14 MP: 1/1
     0 | D:1      | 0 ||| qw: Version: 0.2-a-98-g16b38d9
     0 | D:1      | 0 ||| qw: Game counter: 13
     0 | D:1      | 0 ||| qw: Always use a shield: true
     0 | D:1      | 0 ||| qw: God list: Okawaru
     0 | D:1      | 0 ||| qw: Allow faded altars: false
     0 | D:1      | 0 ||| qw: Do Orc after D:15 true
     0 | D:1      | 0 ||| qw: Do second Lair branch before Depths: true
     0 | D:1      | 0 ||| qw: Lair rune preference: random
     0 | D:1      | 0 ||| qw: Plans: Normal, Zot:1-4, God:TSO, Crypt, Tomb,
                  | Pan, Slime:5, Hells, Abyss, Win
     0 | D:1      | 0 ||| PLANNING D:1-11
    25 | D:1      | 25 ||| Stepping ~*~*~tactically~*~*~ (hiding).
    27 | D:1      | 27 ||| Stepping ~*~*~tactically~*~*~ (hiding).
    36 | D:1      | Reached skill level 2 in Axes
   356 | D:1      | Reached XP level 2. HP: 19/19 MP: 2/2
   538 | D:1      | Found Gitaxzo's General Store.
   544 | D:1      | 544 ||| SHOPLISTING scroll of identify (22 gold, have 11).
   945 | D:1      | 945 ||| READING scroll labelled DAJYHO TITARCH.
   946 | D:1      | 946 ||| READING 2 scrolls labelled WOM HIRODDURO.
   947 | D:1      | 947 ||| READING scroll labelled QYIGAV QOCAA.
  1042 | D:2      | Reached skill level 3 in Axes
  1049 | D:2      | 1049 ||| Stepping ~*~*~tactically~*~*~ (stealth).
  1056 | D:2      | Reached XP level 3. HP: 22/23 MP: 3/3
  1222 | D:2      | Found a faded altar of an unknown god.
  1442 | D:2      | Noticed Terence
  1458 | D:2      | HP: 5/23 [Terence/+0 flail (4)]
  1458 | D:2      | HP: 1/23 [Terence/+0 flail (4)]
  1461 | D:2      | Killed Terence
  1462 | D:2      | Reached skill level 4 in Axes
  1462 | D:2      | Reached XP level 4. HP: 2/28 MP: 4/4
  1574 | D:2      | 1574 ||| DROPPING +0 club.
  1762 | D:2      | 1762 ||| DROPPING +1 whip of freezing.
  2056 | D:2      | 2056 ||| READING scroll labelled RAIPEE ZEQO.
  2061 | D:2      | 2061 ||| READING 3 scrolls labelled DAOFAY RAM MYH.
  2062 | D:2      | 2062 ||| DROPPING 2 scrolls of magic mapping.
  2098 | D:3      | Found an opulent altar of Gozag.
  2098 | D:3      | Found a glowing silver altar of Zin.
  2142 | D:3      | 2142 ||| Stepping ~*~*~tactically~*~*~ (hiding).
  2156 | D:3      | Reached XP level 5. HP: 20/32 MP: 5/5
  2292 | D:3      | Reached skill level 5 in Axes
  2398 | D:3      | 2398 ||| Stepping ~*~*~tactically~*~*~ (hiding).
  2405 | D:3      | HP: 8/32 [gnoll/+0 halberd (7)]
  2405 | D:3      | HP: 1/32 [gnoll/+0 spear (4)]
  2408 | D:3      | Slain by a gnoll

Levels and vault maps discovered:
D:1:      amcnicky_arrival_single_pillar, layout_basic, serial_shops, shop
D:2:      minmay_chambers_of_ones, layout_loops_ring,
          shapermc_ecumenical_altar_hornbeckon, st_stairs_6, uniq_terence
D:3:      layout_rooms, ashenzari_conservatory_becter,
          grunt_temple_overflow_gold_and_silver, ebering_ghost_sewer_d,
          uniq_sigmund

Skill      XL: |  1  2  3  4  5 |
---------------+----------------+-----
Axes           | 2 3 4 5 |  5.0
Fighting       | |  3.5
Armour         | |  3.2
Shields        | |  3.2

Action                     |  1- 3 |  4- 6 || total
---------------------------+-------+-------++-------
  Melee: War axe           |   100 |    88 ||   188
    Use: Scroll            |     3 |     2 ||     5
 Armour: Scale mail        |    50 |    28 ||    78
  Dodge: Dodged            |    49 |    42 ||    91
  Block: Buckler           |    16 |    16 ||    32

Table legend:
 A = Non-vault XP
 B = Vault XP
 C = Vault XP percentage of total XP
 D = Non-vault monster count
 E = Vault monster count
 F = Vault count percentage of total count
                 A         B        C        D         E       F
            +---------+---------+-------+---------+---------+-------
      Total |     203 |      61 |  23.1 |      54 |       8 |  12.9
            +---------+---------+-------+---------+---------+-------
        D:1 |      22 |       0 |   0.0 |      11 |       0 |   0.0
        D:2 |      68 |      61 |  47.3 |      23 |       8 |  25.8
        D:3 |     113 |       0 |   0.0 |      20 |       0 |   0.0
            +---------+---------+-------+---------+---------+-------
